 Dungeon Crawl Stone Soup version 0.19-a0-1049-g462a813 (webtiles) character file.

6762 Erlindor the Fighter (level 10, -10/102 HPs)
             Began as a Minotaur Fighter on July 31, 2016.
             Was a Follower of Okawaru.
             Mangled by a polar bear (20 damage)
             ... created by the rage of Trog
             ... on level 9 of the Dungeon.
             The game lasted 00:30:00 (9183 turns).

Erlindor the Fighter (Minotaur Fighter)             Turns: 9183, Time: 00:30:00

Health: -10/102    AC: 10    Str: 23    XL:     10   Next: 75%
Magic:  9/9        EV:  8    Int: 13    God:    Okawaru [*.....]
Gold:   555        SH:  0    Dex: 10    Spells: 0 memorised, 9 levels left

rFire  . . .     SeeInvis .     J - +1 flail (freeze)
rCold  . . .     Gourm    +     E - +2 ring mail "Trusted Companion" {rCorr Int+4 Slay+2}
rNeg   . . .     Faith    .     c - +0 shield
rPois  .         Spirit   .     (helmet restricted)
rElec  .         Dismiss  .     (no cloak)
rCorr  +         Reflect  .     L - +0 pair of gloves
SustAt .         Harm     .     A - +0 pair of boots
MR     ++...                    m - amulet of the gourmand
Stlth  ..........               f - ring of wizardry
                                D - ring of the Mage {Wiz MR++ Int+3}

@: confused, very resistant to hostile enchantments, extremely unstealthy
A: retaliatory headbutt, horns 2
a: Heroism, Renounce Religion


You were on level 9 of the Dungeon.
You worshipped Okawaru.
Okawaru was aware of your devotion.
You were completely stuffed.

You visited 2 branches of the dungeon, and saw 10 of its levels.

You collected 555 gold pieces.

Inventory:

Hand Weapons
 J - a +1 flail of freezing (weapon)
Missiles
 i - 158 stones (quivered)
Armour
 b - a +0 chain mail
 c - a +0 shield (worn)
 A - a +0 pair of boots (worn)
 E - the +2 ring mail "Trusted Companion" (worn) {rCorr Int+4 Slay+2}
   (You found it on level 6 of the Dungeon)

   It affects your intelligence (+4).
   It affects your accuracy and damage with ranged weapons and melee attacks
   (+2).
   It protects you from acid and corrosion.
 L - a +0 pair of gloves (worn)
Jewellery
 f - a ring of wizardry (right hand)
 m - an amulet of the gourmand (around neck)
 s - an uncursed ring of flight
 D - the ring of the Mage (left hand) {Wiz MR++ Int+3}
   (You found it on level 6 of the Dungeon)

   [ring of wizardry]

   It improves your spell success rate.
   It affects your intelligence (+3).
   It affects your resistance to hostile enchantments.
Wands
 p - a wand of disintegration (9/24)
 B - a wand of teleportation (7/9)
 C - a wand of lightning (7/15)
 I - a wand of digging (9/24)
Scrolls
 e - 5 scrolls of teleportation
 g - 2 scrolls of enchant weapon {unknown}
 n - 2 scrolls of immolation
 r - 2 scrolls of fog
 t - 3 scrolls of remove curse
 u - 4 scrolls of identify
 v - 2 scrolls of amnesia
 y - a scroll of recharging
 H - a scroll of brand weapon {unknown}
Potions
 a - a potion of curing
 d - a potion of might
 k - 4 potions of flight
 x - a potion of resistance {unknown}
 G - a potion of heal wounds
Comestibles
 j - 6 fruits
 l - 4 bread rations
 q - 5 beef jerkies
 z - 2 meat rations
 F - a royal jelly


   Skills:
 + Level 13.8 Fighting
 + Level 13.4 Maces & Flails
 - Level 3.8 Armour
 - Level 3.7 Shields


You had 9 spell levels left.
You didn't know any spells.

Dungeon Overview and Level Annotations

Branches:
Dungeon (9/15)             Temple (1/1) D:7            Lair (0/6) D:9
    Orc: D:9-12

Altars:
Ashenzari
Cheibriados
Dithmenos
Elyvilon
Fedhas
Gozag
Hepliaklqana
Kikubaaqudgha
Makhleb
Nemelex Xobeh
Okawaru
Pakellas
Qazlal
Ru
Sif Muna
Trog
Uskayaw
Vehumet
Xom
Yredelemnul
Zin
The Shining One
Beogh

Shops:
D:5 }}(   D:6 [


Innate Abilities, Weirdness & Mutations

You reflexively headbutt those who attack you in melee.
You have a pair of horns on your head.


Message History

* * * LOW HITPOINT WARNING * * *
Okay, then.
You're too confused!
It was a potion of ambrosia.
You are more confused.
You feel invigorated. The black bear bites you.
* * * LOW HITPOINT WARNING * * *
The black bear claws you.
* * * LOW HITPOINT WARNING * * *
The black bear claws you but does no damage.
The polar bear bites you but does no damage.
The polar bear claws you.
* * * LOW HITPOINT WARNING * * *
The polar bear claws you.
* * * LOW HITPOINT WARNING * * *
The black bear closely misses you. The black bear barely misses you.
The black bear claws you.
* * * LOW HITPOINT WARNING * * *
The polar bear bites you!!
You die...

#........#### #..# #...#
#......###### #..# #...#
##.....####_### #..# #...#
≈#.....##.....# #..# #...####
≈#.....##♣...♣# #..# #.......
≈#.....##.....####..# #.......
≈#.....##♣...♣##O.>.######.......
≈#.....####'####hh...............
##..........))hh@h...............
#...........######==.............
...######...# #..######.......
#..# #...# #..# #....... #..#
#...# #..# #....... #..# #...#
#..# #....... #..# #...# #..#
#....... #..# #(..# #..# #.......
#..# #...# #..# #.....>.


You could see 3 polar bears, 2 black bears and an ogre (berserk).

Vanquished Creatures
  Pikel (D:6)
  Grinder (D:3)
  A troll (D:9)
  A wyvern (D:9)
  3 hungry ghosts
  A yak (D:9)
  A steam dragon (D:9)
  Grum (D:8)
  A hippogriff (D:8)
  The ghost of Aquadorian the Sneak, an amateur GrEn of Okawaru (D:3)
  Duvessa (D:7)
  2 sky beasts
  4 ice beasts
  An eye of draining (D:9)
  An orc warrior (D:6)
  3 phantoms
  3 ogres
  2 wolves (D:8)
  2 centaurs
  3 big kobolds
  7 giant frogs
  A gnoll sergeant (D:6)
  Dowan (D:7)
  2 scorpions
  5 killer bees (D:8)
  7 wights
  A howler monkey (D:5)
  5 crimson imps
  5 hounds
  2 jellies
  A giant frog zombie (D:8)
  7 orc priests
  2 centaur skeletons (D:7)
  13 orc wizards
  2 giant frog skeletons
  An iron imp (D:6)
  A gnoll shaman (D:6)
  An iguana (D:7)
  6 worker ants
  A hound zombie (D:8)
  3 gnolls (D:6)
  10 adders
  A howler monkey skeleton (D:5)
  2 shadow imps
  An ooze (D:2)
  3 worms
  5 dart slugs
  5 giant geckos
  33 orcs
  3 giant cockroaches
  3 goblins
  13 hobgoblins
  13 jackals
  6 quokkas
  2 ball pythons
  4 bats
  3 giant newts
  20 kobolds
  6 rats
241 creatures vanquished.

Vanquished Creatures (others)
  A hydra (D:6)
  A slave (D:6)
  2 hounds (D:6)
  2 orc wizards
  A giant gecko (D:6)
  A hobgoblin (D:6)
  A giant cockroach zombie (D:6)
9 creatures vanquished.

Grand Total: 250 creatures vanquished

Notes
Turn   | Place    | Note
-------+----------+-------------------------------------------
     0 | D:1      | Erlindor the Minotaur Fighter began the quest for the Orb.
     0 | D:1      | Reached XP level 1. HP: 19/19 MP: 0/0
   144 | D:1      | Reached XP level 2. HP: 27/27 MP: 1/1
   675 | D:2      | Reached XP level 3. HP: 31/33 MP: 2/2
  1014 | D:2      | Found a hazy altar of Hepliaklqana.
  1066 | D:2      | Reached XP level 4. HP: 32/41 MP: 3/3
  1499 | D:3      | Noticed Grinder
  1510 | D:3      | Paralysed by Grinder for 5 turns
  1522 | D:3      | Killed Grinder
  1522 | D:3      | Reached skill level 5 in Maces & Flails
  1522 | D:3      | Reached XP level 5. HP: 36/50 MP: 4/4
  1522 | D:3      | Reached XP level 6. HP: 42/57 MP: 5/5
  1891 | D:3      | Noticed Aquadorian's ghost (amateur GrEn)
  1911 | D:3      | Killed Aquadorian's ghost
  2682 | D:4      | Reached XP level 7. HP: 66/66 MP: 6/6
  3085 | D:5      | Entered Level 5 of the Dungeon
  3085 | D:5      | Found Wuyjuqeh's Gadget Shoppe.
  3085 | D:5      | Found Dukob Git's Gadget Shop.
  3568 | D:5      | Found a sacrificial altar of Ru.
  3568 | D:5      | Found an ancient bone altar of Kikubaaqudgha.
  3668 | D:5      | Found a stormy altar of Qazlal.
  3751 | D:5      | Found a glowing silver altar of Zin.
  3754 | D:5      | Found a shimmering altar of Xom.
  3762 | D:5      | Found Zimuim's Antique Weapon Emporium.
  3860 | D:6      | Found an oddly glowing altar of Pakellas.
  3860 | D:6      | Noticed a four-headed hydra
  3869 | D:6      | Found a shadowy altar of Dithmenos.
  3881 | D:6      | Killed a four-headed hydra
  3918 | D:6      | Noticed Pikel
  3934 | D:6      | Killed Pikel
  3934 | D:6      | Reached XP level 8. HP: 63/78 MP: 7/7
  4588 | D:6      | Got a crude ring mail
  4606 | D:6      | Identified the +2 ring mail "Trusted Companion" {rCorr Int+4 Slay+2} (You found it on level 6 of the Dungeon)
  4625 | D:6      | Reached skill level 10 in Fighting
  4669 | D:6      | Found Kuni's Antique Armour Boutique.
  4719 | D:6      | Found a burning altar of Makhleb.
  5012 | D:7      | Reached skill level 10 in Maces & Flails
  5079 | D:7      | Reached XP level 9. HP: 86/86 MP: 8/8
  5142 | D:7      | Found a staircase to the Ecumenical Temple.
  5157 | Temple   | Entered the Ecumenical Temple
  5913 | D:7      | Found a basalt altar of Yredelemnul.
  6167 | D:7      | Found a bloodstained altar of Trog.
  6184 | D:7      | Found a deep blue altar of Sif Muna.
  6189 | D:7      | Became a worshipper of Trog the Wrathful
  6343 | D:7      | Noticed Duvessa
  6348 | D:7      | Noticed Dowan
  6351 | D:7      | Killed Duvessa
  6360 | D:7      | Killed Dowan
  6827 | D:8      | Reached * piety under Trog
  7149 | D:8      | Reached XP level 10. HP: 94/99 MP: 9/9
  7242 | D:8      | Found a roughly hewn altar of Beogh.
  7269 | D:8      | Noticed Grum
  7284 | D:8      | Killed Grum
  8110 | D:9      | Reached ** piety under Trog
  8220 | D:9      | Found an iron altar of Okawaru.
  8446 | D:9      | Fell from the grace of Trog
  8451 | D:9      | Became a worshipper of Warmaster Okawaru
  8478 | D:9      | Found a glowing golden altar of the Shining One.
  8503 | D:9      | Found a staircase to the Lair.
  8924 | D:9      | Reached * piety under Okawaru
  8953 | D:9      | Paralysed by Trog for 4 turns
  9183 | D:9      | Mangled by a polar bear

Vault maps used:
D:1:      tarquinn_simple_flora_water_a
D:2:      nicolae_overflow_crystal_walls, minmay_misc_feat_four_crosses
D:3:      uniq_grinder
D:4:      first_bread
D:5:      nicolae_overflow_hidden_temple, nicolae_qazlal_eye_of_the_storm,
          serial_shops, shop, shop, shop
D:6:      kennysheep_housing_project, makhleb_grotto_becter,
          nicolae_dithmenos_shadow_blocks, serial_shops, kennysheep_mini,
          gammafunk_pakellas_cloud_experiment, uniq_pikel
D:7:      grunt_temple_overflow_open, uniq_duvessa
D:8:      david_defended_altar_orc, uniq_grum
D:9:      tso_altar, kennysheep_little_box, lair_0_dummy
Temple:   compressed_dpeg_triangle_lava_temple

Skill      XL: |  1  2  3  4  5  6  7  8  9 10 |
---------------+-------------------------------+-----
Fighting       | 4 6 7 9 10 12 13 | 13.8
Maces & Flails | 3 4 5 6 8 10 12 13 | 13.4
Armour         | |  3.8
Shields        | |  3.7

Action                   |  1- 3 |  4- 6 |  7- 9 | 10-12 || total
-------------------------+-------+-------+-------+-------++-------
Melee: Flail             |    94 |    89 |   362 |   204 ||   749
       Headbutt          |    12 |    17 |    65 |    47 ||   141
Throw: Stone             |       |       |     9 |       ||     9
Invok: Burn Spellbooks   |       |       |       |     1 ||     1
       Berserk           |       |       |       |     1 ||     1
       Renounce Religion |       |       |       |     1 ||     1
  Use: Scroll            |       |     6 |     6 |     5 ||    17
       Potion            |       |       |     7 |     1 ||     8
  Eat: Chunk             |       |     1 |    30 |    15 ||    46
       Bread ration      |       |     1 |       |       ||     1
       Beef jerky        |       |       |     1 |       ||     1
Armor: Scale mail        |    27 |    42 |       |       ||    69
       Chain mail        |       |       |    46 |       ||    46
       Ring mail         |       |       |    64 |    71 ||   135
Dodge: Dodged            |    24 |    28 |    57 |    78 ||   187
Block: Shield            |    51 |    38 |   162 |    64 ||   315
